 Dungeon Crawl Stone Soup version 0.27-a0-1193-g8631133539 (webtiles) character file.

Game seed: 12401766396596276794

80 tilp the Caller (level 4, -3/33 HPs)
             Began as a Barachi Summoner on May 26, 2021.
             Killed from afar by Ijyb (8 damage)
             ... with a puff of flame
             ... on level 3 of the Dungeon.
             The game lasted 00:06:08 (3685 turns).

tilp the Caller (Barachi Summoner)                  Turns: 3685, Time: 00:06:10

Health: -3/33      AC:  7    Str: 11    XL:     4   Next: 39%
Magic:  2/8        EV: 10    Int: 15    God:
Gold:   54         SH:  0    Dex: 12    Spells: 3/9 levels left

rFire    . . .     SeeInvis .   d - +1 spear
rCold    . . .     Faith    .   (no shield)
rNeg     . . .     Spirit   .   h - +0 ring mail
rPois    .         Reflect  .   (no helmet)
rElec    .         Harm     .   e - +0 cloak
rCorr    .         Rampage  .   (no gloves)
Will     .....                  k - +0 pair of boots
Stlth    +.........             (no amulet)
HPRegen  0.11/turn              (no ring)
MPRegen  0.11/turn              (no ring)

@: slow
A: amphibious, slowness 1, strong legs 1, +LOS
a: Hop


You were on level 3 of the Dungeon.
You visited 1 branch of the dungeon, and saw 3 of its levels.

You collected 54 gold pieces.

Inventory:

Hand Weapons
 d - a +1 spear (weapon)
Missiles
 i - 35 poisoned darts (quivered)
Armour
 e - a +0 cloak (worn)
 f - a +0 leather armour of positive energy
 h - a +0 ring mail (worn)
 j - a +0 buckler
 k - a +0 pair of boots (worn)
Scrolls
 b - a scroll of enchant weapon
 c - 2 scrolls of teleportation
Potions
 a - 3 potions of heal wounds


   Skills:
 - Level 2.0 Fighting
 - Level 2.1 Dodging
 - Level 1.7 Stealth
 + Level 0.3 Shields
 - Level 3.0 Spellcasting
 - Level 6.0 Summonings


You had 3 spell levels left.
You knew the following spells:

 Your Spells              Type           Power      Damage    Failure   Level
a - Summon Small Mammal   Summ           80%        N/A       4%          1
b - Call Imp              Summ           20%        N/A       6%          2
c - Call Canine Familiar  Summ           20%        N/A       12%         3

Your spell library contained the following spells:

 Spells                   Type           Power      Damage    Failure   Level
 Summon Guardian Golem    Hex/Summ       11%        N/A       38%         3
 Summon Ice Beast         Ice/Summ       11%        N/A       80%         4
 Summon Lightning Spire   Summ/Air       11%        N/A       80%         4


Dungeon Overview and Level Annotations

Branches:
Dungeon (3/15)

Altars:
Okawaru

Annotations:
D:3 Ijyb, Purgy, Sigmund


Innate Abilities, Weirdness & Mutations

You are amphibious.
You cover ground slowly.
You can hop short distances.
You have an extended range of vision and can be seen from far away.


Message History

You reach to attack!
You hit Ijyb.
Ijyb is lightly wounded.
Your hound bites Ijyb but does no damage.
Ijyb hits your hound with a +0 dagger.
Your crimson imp closely misses Ijyb.
Reach: d) +1 spear
Press: ? - help, Dir - move target, f/p - Ijyb
Aim: Ijyb, wielding a +0 dagger, wearing a +0 leather armour and carrying a wand of flame (20) (lightly wounded, ally target, about 45% to evade your +1 spear)
You could not reach far enough!
Your hound misses Ijyb.
Your hound barely misses Ijyb.
Ijyb hits your hound with a +0 dagger.
Your hound dies!
Your hound's corpse disappears in a puff of smoke!
Your crimson imp hits Ijyb.
Reach: d) +1 spear
Press: ? - help, Dir - move target, f/p - Ijyb
Aim: Ijyb, wielding a +0 dagger, wearing a +0 leather armour and carrying a wand of flame (20) (moderately wounded, ally target, about 45% to evade your +1 spear)
You reach to attack!
You hit Ijyb.
Ijyb is moderately wounded.
Your crimson imp misses Ijyb.
You hit Ijyb but do no damage.
Ijyb is moderately wounded.
Ijyb hits you but does no damage.
Your crimson imp hits Ijyb but does no damage.
You barely miss Ijyb.
Ijyb is moderately wounded.
Ijyb zaps a wand.
The puff of flame hits you!
* * * LOW HITPOINT WARNING * * *
Your crimson imp blinks!
You hit Ijyb but do no damage.
Ijyb is moderately wounded.
Ijyb hits you but does no damage.
You hit Ijyb but do no damage.
Ijyb is moderately wounded.
Ijyb barely misses you.
You closely miss Ijyb.
Ijyb is moderately wounded.
Ijyb zaps a wand.
The puff of flame hits you.
* * * LOW HITPOINT WARNING * * *
Your crimson imp blinks!
Ijyb zaps a wand.
The puff of flame hits you!
You die...

#. #. ## .# #
##.##### .########.#
...>.5..###.........#
#.....g@#§§........
######§#.#._..#####
#.###§...# #. #.####
#. #.# #. #.# #. #.#
#. #.# #. ##.##


You could see Ijyb (ally target) and a friendly crimson imp (summoned).

Vanquished Creatures
  An adder (D:2)
  A dart slug (D:2)
  3 ball pythons
  An endoplasm (D:1)
  A giant cockroach (D:2)
  2 goblins
  2 hobgoblins
  2 jackals (D:1)
  4 bats
  A frilled lizard (D:1)
  2 rats
20 creatures vanquished.

Vanquished Creatures (collateral kills)
  4 gnolls (D:2)
  An adder (D:2)
  A worm (D:2)
  3 dart slugs
  A bat (D:1)
  An endoplasm (D:2)
  A giant cockroach (D:1)
  3 goblins
  3 hobgoblins
  A jackal (D:1)
  2 kobolds
  A frilled lizard (D:1)
  A rat (D:2)
23 creatures vanquished.

Grand Total: 43 creatures vanquished

Notes
Turn   | Place    | Note
-------+----------+-------------------------------------------
     0 | D:1      | tilp the Barachi Summoner began the quest for the Orb.
     0 | D:1      | Reached XP level 1. HP: 13/13 MP: 3/3
   535 | D:1      | Reached skill level 1 in Fighting
   535 | D:1      | Reached skill level 5 in Summonings
   535 | D:1      | Reached XP level 2. HP: 21/21 MP: 5/5
   538 | D:1      | Learned a level 2 spell: Call Imp
  1615 | D:2      | Reached XP level 3. HP: 27/27 MP: 0/7
  2338 | D:2      | Reached XP level 4. HP: 22/33 MP: 1/8
  2455 | D:2      | Learned a level 3 spell: Call Canine Familiar
  2491 | D:3      | Found an iron altar of Okawaru.
  2491 | D:3      | Noticed Purgy
  3205 | D:3      | Reached skill level 6 in Summonings
  3357 | D:3      | Noticed Sigmund
  3654 | D:3      | Found a faded altar of an unknown god.
  3667 | D:3      | Noticed Ijyb
  3685 | D:3      | Killed from afar by Ijyb

Illustrated notes

Levels and vault maps discovered:
D:1:      sevenhm_arrival_forest_fort_large_4, layout_rooms
D:2:      layout_basic
D:3:      layout_loops_ring, overflow_temple_1_default,
          ebering_ecumenical_altar_mist, uniq_purgy, uniq_ijyb, uniq_sigmund

Skill      XL: |  1  2  3  4 |
---------------+-------------+-----
Fighting       | 1 2 |  2.0
Summonings     | 5 6 |  6.0
Spellcasting   | 3 |  3.0
Dodging        | |  2.1
Stealth        | |  1.7
Shields        | |  0.3

Action                   |  1- 3 |  4- 6 || total
-------------------------+-------+-------++-------
Melee: Spear             |    74 |    32 ||   106
       Unarmed           |     3 |       ||     3
 Cast: Summon Small Mamm |    30 |       ||    30
       Call Imp          |    24 |    10 ||    34
       Call Canine Famil |       |     1 ||     1
 Abil: Hop               |       |     1 ||     1
  Use: Scroll            |     2 |     2 ||     4
 Stab: Distracted        |     1 |       ||     1
       Sleeping          |     1 |       ||     1
Armor: Leather armour    |    11 |       ||    11
       Ring mail         |    16 |    36 ||    52
Dodge: Dodged            |    38 |    43 ||    81

Table legend: (Time is in decaauts)
 A = Elapsed time spent in this place.
 B = Non-inter-level travel time spent in this place.
 C = Inter-level travel time spent in this place.
 D = Time resting spent in this place.
 E = Time spent auto-exploring this place.
 F = Levels seen in this place.
 G = Mean time per level.
                   A        B        C        D        E       F      G
               +--------+--------+--------+--------+--------+-----+--------+
         Total |   3995 |   3778 |    217 |   1531 |   1477 |   3 | 1331.7 |
       Dungeon |   3995 |   3778 |    217 |   1531 |   1477 |   3 | 1331.7 |
               +--------+--------+--------+--------+--------+-----+--------+

Top non-repeatable levels by time:
     D:2: 1980 daAuts
     D:1: 1572 daAuts
     D:3: 442 daAuts
